 Dungeon Crawl Stone Soup version 0.31-a0-151-ge443d1f16c (webtiles) character file.

Game seed: 17154101522915774885

64 qw the Shooter (level 3, -1/31 HPs)
             Began as a Minotaur Hunter on June 8, 2023.
             Slain by a goblin
             ... wielding a +0 club
             ... led by Robin
              (6 damage)
             ... on level 2 of the Dungeon.
             The game lasted 00:00:25 (1124 turns).

qw the Shooter (Minotaur Hunter)                    Turns: 1124, Time: 00:00:26

Health: -1/31      AC:  4    Str: 15    XL:     3   Next: 91%
Magic:  2/2        EV: 12    Int:  6    God:
Gold:   88         SH:  0    Dex: 15    Spells: 2/2 levels left

rFire   . . .        Y - +0 shortbow (drain)
rCold   . . .        (shield currently unavailable)
rNeg    . . .        c - +0 leather armour
rPois   .            (helmet restricted)
rElec   .            (no cloak)
rCorr   .            d - +0 pair of gloves
SInv    .            (no boots)
Will    .....        (no amulet)
Stlth   +            (no ring)
HPRegen 0.25/turn    (no ring)
MPRegen 0.08/turn

%: no passive effects
@: no status effects
A: horns 2, retaliatory headbutt
a: no special abilities


You were on level 2 of the Dungeon.
You visited 1 branch of the dungeon, and saw 2 of its levels.

You collected 88 gold pieces.


Innate Abilities, Weirdness & Mutations

You have a pair of horns on your head.
You reflexively headbutt those who attack you in melee.


   Skills:
 - Level 3.0 Fighting
 + Level 5.9 Ranged Weapons
 - Level 2.1 Dodging
 - Level 0.7 Stealth


You had 2 spell levels left.
You didn't know any spells.
Your spell library was empty.

Inventory:

Hand Weapons
 Y - a +0 shortbow of draining (weapon)
Armour
 c - a +0 leather armour (worn)
 d - a +0 pair of gloves (worn)
Scrolls
 a - a scroll of poison {unknown}
Potions
 i - a potion of lignification {unknown}

Dungeon Overview and Level Annotations

Branches:
Dungeon (2/15)

Altars:

Annotations:
D:2 Robin


Message History

The goblin shouts!
You shoot an arrow. The arrow closely misses the goblin.
The goblin closely misses you. x2; The goblin shoots a sling bullet.
The sling bullet misses you.
The goblin hits you but does no damage. x2
A goblin comes into view. It is wielding a +0 dagger.
You shoot an arrow. The arrow hits the goblin.
You kill the goblin!
The goblin hits you with a +0 club.
You shoot an arrow. The arrow hits the goblin!
You kill the goblin!
Robin throws the goblin at you! The goblin misses you. You furiously retaliate!
You headbutt the goblin.
You kill the goblin!
You shoot an arrow. The arrow barely misses the goblin.
Robin roars a battlecry!
The goblins go into a battle-frenzy!
The goblin closely misses you.
The goblin unwields a +0 sling.
The goblin wields a +1 dagger of flaming.
It bursts into flame!
The goblin closely misses you.
You shoot an arrow. The arrow barely misses the goblin.
The goblin hits you with a +0 dagger.
A hobgoblin comes into view.
The goblin hits you but does no damage.
You shoot an arrow. The hobgoblin shouts!
The arrow hits the goblin.
You kill the goblin!
Robin throws the goblin at you! The goblin hits you with a +0 dagger.
The goblin hits you but does no damage. The goblin hits you with a +0 club.
The goblin hits you with a +0 dagger.
You shoot an arrow.
The arrow hits the goblin but does no damage.
Robin throws the goblin at you! The goblin hits you with a +0 dagger.
The goblin hits you but does no damage. The goblin hits you with a +0 club.
The goblin hits you but does no damage. The goblin hits you with a +0 dagger.
The goblin barely misses you.
You shoot an arrow. The arrow closely misses the goblin.
The goblin hits you with a +0 club. The goblin hits you with a +0 dagger.
The goblin misses you. The goblin hits you with a +0 club.
You die...

#..........#
##########..........#
........#...........#
########............####
#.#..........#...
#.#........)..... ..###
##.#..............
......#gg###............
...g.gg@####............
...)..ggg...............
..........##...<........
##..........##...##.....
............##...##.....
##..$..#.........##.....
#>..............# .....
#....#..........# .....
.... #..... .....


You could see Robin, a hobgoblin (strong) and 6 goblins.

Vanquished Creatures
  2 adders (D:2)
  4 bats
  4 endoplasms
  2 giant cockroaches (D:1)
  8 goblins
  6 hobgoblins (D:1)
  2 quokkas (D:1)
  7 ball pythons (D:1)
  3 frilled lizards (D:1)
  A kobold (D:1)
  2 rats (D:1)
41 creatures vanquished.

Notes
Turn   | Place    | Note
-------+----------+-------------------------------------------
     0 | D:1      | qw the Minotaur Hunter began the quest for the Orb.
     0 | D:1      | Reached XP level 1. HP: 18/18 MP: 0/0
     0 | D:1      | 0 ||| qw: Version: 0.2-a-120-gdf1a93b
     0 | D:1      | 0 ||| qw: Game counter: 3059
     0 | D:1      | 0 ||| qw: Always use a shield: true
     0 | D:1      | 0 ||| qw: God list: Okawaru
     0 | D:1      | 0 ||| qw: Allow faded altars: false
     0 | D:1      | 0 ||| qw: Do Orc after D:15 true
     0 | D:1      | 0 ||| qw: Do second Lair branch before Depths: true
     0 | D:1      | 0 ||| qw: Lair rune preference: random
     0 | D:1      | 0 ||| qw: Plans: Normal
     0 | D:1      | 0 ||| PLANNING D:1-11
    50 | D:1      | Reached XP level 2. HP: 25/25 MP: 1/1
    50 | D:1      | 50 ||| UPGRADING to +0 pair of gloves.
    67 | D:1      | Reached skill level 5 in Ranged Weapons
    75 | D:1      | 75 ||| READING scroll labelled RINERH MUHUPP.
   139 | D:1      | Found a faded altar of an unknown god.
   182 | D:1      | Reached skill level 3 in Fighting
   250 | D:1      | Reached XP level 3. HP: 31/31 MP: 2/2
   906 | D:1      | 906 ||| READING scroll labelled JIECAM DEVIKH.
   907 | D:1      | 907 ||| READING scroll labelled MESOPRI FUCI.
   908 | D:1      | 908 ||| READING scroll labelled ZACKISSU ANUMI.
   909 | D:1      | 909 ||| READING scroll labelled VYMNAE EMPARR.
  1010 | D:1      | 1010 ||| READING scroll labelled COPPIAXT VACS.
  1011 | D:1      | 1011 ||| DROPPING scroll of butterflies.
  1115 | D:2      | Noticed Robin
  1124 | D:2      | HP: 6/31 [goblin/+0 club[Robin] (3)]
  1124 | D:2      | Slain by a goblin

Levels and vault maps discovered:
D:1:      erik_arrival_cave_to_civilisation [erik_arrival_cave_to_hall],
          layout_basic, shapermc_ecumenical_altar_ellora, serial_park_tiny_2,
          dk_noncrumbling_2
D:2:      layout_rooms, grunt_ministairs_15, minmay_split_cup_large, uniq_robin

Skill      XL: |  1  2 |
---------------+-------+-----
Ranged Weapons | 5 |  5.9
Fighting       | 3 |  3.0
Dodging        | |  2.1
Stealth        | |  0.7

Action                     || total
---------------------------++-------
   Fire: Shortbow          ||    93
    Use: Scroll            ||     6
 Armour: Leather armour    ||    16
  Dodge: Dodged            ||    30

Table legend:
 A = Non-vault XP
 B = Vault XP
 C = Vault XP percentage of total XP
 D = Non-vault monster count
 E = Vault monster count
 F = Vault count percentage of total count
                 A         B        C        D         E       F
            +---------+---------+-------+---------+---------+-------
      Total |      79 |      13 |  14.1 |      34 |       7 |  17.1
            +---------+---------+-------+---------+---------+-------
        D:1 |      47 |       4 |   7.8 |      29 |       2 |   6.5
        D:2 |      32 |       9 |  22.0 |       5 |       5 |  50.0
            +---------+---------+-------+---------+---------+-------
